 Dungeon Crawl Stone Soup version 0.30.0-29-ga12c61a403 (webtiles) character file.

Game seed: 7019875123636425603

642 javelincjr the Magician (level 7, -1/51 HPs)
             Began as a Djinni Conjurer on June 6, 2023.
             Killed by divine providence
             ... invoked by an orc priest
              (11 damage)
             ... on level 4 of the Dungeon.
             The game lasted 00:13:42 (3108 turns).

javelincjr the Magician (Djinni Conjurer)           Turns: 3108, Time: 00:13:42

Health: -1/51      AC:  4    Str:  6    XL:     7   Next: 81%
Gold:   244        EV: 13    Int: 22    God:
                   SH:  0    Dex: 11

rFire   + + .        j - +2 short sword (vamp)
rCold   x . .        (no shield)
rNeg    . . .        a - +0 robe
rPois   ∞            e - +0 helmet
rElec   .            f - +0 cloak
rCorr   .            (no gloves)
SInv    .            (boots unavailable)
Will    .....        (no amulet)
Stlth   ++           c - +4 ring of slaying
HPRegen 0.28/turn    h - ring of wizardry
MPRegen 0.00/turn

%: wizardry (x1), infuse magic (-2 HP)
@: flying
A: sickness immunity, fire resistance 2, cold vulnerability 1, float, innate
caster, HP casting, extra vitality 1
a: no special abilities


You were on level 4 of the Dungeon.
You visited 1 branch of the dungeon, and saw 4 of its levels.

You collected 244 gold pieces.

Inventory:

Hand Weapons
 d - a +0 dagger
 j - a +2 vampiric short sword (weapon)
 s - a +4 dagger
Missiles
 k - a throwing net
Armour
 a - a +0 robe (worn)
 e - a +0 helmet (worn)
 f - a +0 cloak (worn)
 q - a +2 scale mail of fire resistance
Jewellery
 c - a +4 ring of slaying (left hand)
 h - a ring of wizardry (right hand)
Scrolls
 b - 2 scrolls of enchant weapon {unknown}
 i - 3 scrolls of vulnerability {unknown}
 l - 6 scrolls of teleportation {unknown}
 o - 2 scrolls of fear {unknown}
 p - a scroll of magic mapping {unknown}
Potions
 g - a potion of magic {unknown}
 m - 2 potions of cancellation {unknown}
 n - 4 potions of curing {unknown}
 r - a potion of lignification {unknown}
 t - a potion of might {unknown}
 u - a potion of flight {unknown}


   Skills:
 * Level 3.6 Fighting
 + Level 2.1 Short Blades
 + Level 2.3 Armour
 + Level 4.1 Dodging
 - Level 2.2 Stealth
 * Level 4.6 Spellcasting


You knew the following spells:

 Your Spells              Type           Power      Damage    Failure   Level
a - Magic Dart            Conj           100%       1d8       1%          1
b - Searing Ray           Conj           50%        2d6       1%          2
c - Dazzling Flash        Conj/Hex       50%        N/A       1%          3
d - Fulminant Prism       Conj/Hex       12%        3d8       6%          4
e - Iskenderun's Mystic   Conj/Tloc      25%        2d7       6%          4
f - Beastly Appendage     Tmut           50%        N/A       1%          1
g - Ensorcelled Hibernat  Hex/Ice        50%        N/A       1%          2
h - Frozen Ramparts       Ice            50%        1d8       1%          3
Your spell library was empty.

Dungeon Overview and Level Annotations

Branches:
Dungeon (4/15)
 Temple: D:4-7

Altars:
Ru
The Shining One

Shops:
D:1 *


Innate Abilities, Weirdness & Mutations

You are immune to sickness and miasma.
You are immune to poison.
Your flesh is very heat resistant. (rF++)
You are vulnerable to cold. (rC-)
You float through the air rather than walking.
You learn spells naturally, not from books.
Your magical power is your life essence.
You have superior vitality. (+4 MHP)


Message History

(Press . to maintain the ray.) Natasha mewls in sadness.
Natasha zaps a wand.
The puff of flame hits you. You resist.
The searing ray hits Natasha.
You kill Natasha!
You feel Natasha's spirit has finally been put to rest.
An orc comes into view. It is wielding a +0 flail.
An orc priest comes into view. It is wielding a +0 hand axe.
The orc barely misses you.
You see here a wand of flame (20).
Casting: Searing Ray (safe; 1% risk of failure)
Confirm with . or Enter, or press ? or * to list all spells.
You erupt in a blast of force!
The mystic blast hits the orc!
You kill the orc!
The orc priest shouts!
You hear a shout!
Unknown command.
An orc comes into view. It is wielding a +0 hand axe.
Casting: Iskenderun's Mystic Blast (dangerous; 6% risk of failure)
Confirm with . or Enter, or press ? or * to list all spells.
Aiming: Fulminant Prism (dangerous; 6% risk of failure)
Press: ? - help, Dir - move target You conjure a prism of explosive energy!
A fulminant prism comes into view.
A hobgoblin comes into view.
The hobgoblin shouts!
Your fulminant prism crackles loudly.
The orc priest mumbles some strange prayers to Beogh against you.
Beogh smites you!
* * * LOW HITPOINT WARNING * * *
Your fulminant prism explodes!
The blast of energy engulfs the orc!
You kill the orc!
The blast of energy engulfs the orc!
You kill the orc!
The hobgoblin closely misses you.
You closely miss the hobgoblin.
The hobgoblin hits you but does no damage.
The orc priest invokes the aid of Beogh against you.
Beogh smites you!
You die...

.......#.......... #..........
#.................# #..)...#
..................# #.....##
..................###).##..#. .
#..................o..##.....
#.
##..##...................##..#
...#.............).....).....#
..
......##.†......g............#
.
......)#.###....@....)........#
.......†..##...................
.......<.##.........#..........
.##...........#.#...##.........
#.........#######..#.........
#...##......# #.###....###.
#..# .....#.. .. .....# ....
.....# # .. .#### ...# ......


You could see an orc priest and a hobgoblin.

Vanquished Creatures
  Sigmund (D:2)
  Menkaure (D:4)
  Blork the orc (D:4)
  A scorpion (D:4)
  Natasha (thrice) (D:4)
  2 orc wizards (D:3)
  2 adders
  2 worms (D:2)
  A dart slug (D:2)
  9 orcs
  4 endoplasms
  A giant cockroach (D:2)
  9 goblins
  7 hobgoblins
  3 quokkas
  4 ball pythons
  8 bats
  4 frilled lizards
  14 kobolds
  5 rats
82 creatures vanquished.

Vanquished Creatures (others)
  13 fulminant prisms
13 creatures vanquished.

Grand Total: 95 creatures vanquished

Notes
Turn   | Place    | Note
-------+----------+-------------------------------------------
     0 | D:1      | javelincjr the Djinni Conjurer began the quest for the Orb.
     0 | D:1      | javelincjr set off with the following spells memorised:
                  | Magic Dart, Searing Ray, Dazzling Flash, Fulminant Prism,
                  | Iskenderun's Mystic Blast.
     0 | D:1      | Reached XP level 1. HP: 15/15 MP: 0/0
    88 | D:1      | Reached XP level 2. HP: 19/21 MP: 0/0
   309 | D:1      | Found Vokaonk's Assorted Antiques.
   526 | D:1      | Reached XP level 3. HP: 24/25 MP: 0/0
   526 | D:1      | Learned a level 1 spell: Beastly Appendage
  1204 | D:2      | Reached XP level 4. HP: 28/31 MP: 0/0
  1317 | D:2      | Found a glowing golden altar of the Shining One.
  1595 | D:2      | Noticed Sigmund
  1615 | D:2      | Killed Sigmund
  1616 | D:2      | Reached skill level 1 in Short Blades
  1616 | D:2      | Reached skill level 1 in Armour
  1616 | D:2      | Reached XP level 5. HP: 11/38 MP: 0/0
  1616 | D:2      | Learned a level 2 spell: Ensorcelled Hibernation
  1616 | D:2      | Reached XP level 6. HP: 12/43 MP: 0/0
  2224 | D:3      | Found a sacrificial altar of Ru.
  2698 | D:4      | Noticed Menkaure
  2705 | D:4      | Killed Menkaure
  2706 | D:4      | Reached XP level 7. HP: 10/50 MP: 0/0
  2706 | D:4      | Learned a level 3 spell: Frozen Ramparts
  2963 | D:4      | Noticed Natasha
  2971 | D:4      | Killed Natasha
  3028 | D:4      | Noticed Natasha
  3034 | D:4      | Killed Natasha
  3047 | D:4      | Noticed Blork the orc
  3053 | D:4      | Killed Blork the orc
  3091 | D:4      | Noticed Natasha
  3095 | D:4      | Killed Natasha
  3108 | D:4      | Killed from afar by an orc priest

Illustrated notes

Levels and vault maps discovered:
D:1:      spicycebolla_green_bress_n_ham_2, layout_basic, serial_shops, shop
D:2:      layout_loops_ring, basic_altar, minmay_split_cup_small, uniq_sigmund
D:3:      layout_loops_cross, nicolae_ru_awakened_eye, st_stairs_3
D:4:      layout_cave_pools, uniq_edmund, uniq_natasha, uniq_blork_the_orc,
          uniq_menkaure

Skill      XL: |  1  2  3  4  5  6  7 |
---------------+----------------------+-----
Stealth        | 2 |  2.2
Fighting       | 2 3 |  3.6
Short Blades   | 1 2 |  2.1
Armour         | 1 2 |  2.3
Dodging        | 3 4 |  4.1
Spellcasting   | 4 |  4.6

Action                     |  1- 3 |  4- 6 |  7- 9 || total
---------------------------+-------+-------+-------++-------
  Melee: Short sword       |    23 |    15 |     1 ||    39
   Cast: Magic Dart        |    43 |    52 |    13 ||   108
         Searing Ray       |     1 |     1 |     3 ||     5
         Fulminant Prism   |       |     6 |     7 ||    13
         Dazzling Flash    |       |     2 |       ||     2
         Iskenderun's Myst |       |     4 |     2 ||     6
   Stab: Sleeping          |     1 |       |       ||     1
 Armour: Robe              |     5 |     8 |     1 ||    14
  Dodge: Dodged            |    10 |     9 |     4 ||    23
